 Dungeon Crawl Stone Soup version 0.21-a0-525-ga34b322 (webtiles) character file.

48 slep the Chopper (level 3, -1/18 HPs)
             Began as a Vine Stalker Gladiator on Dec 8, 2017.
             Slain by an adder (2 damage)
             ... on level 2 of the Dungeon.
             The game lasted 00:03:32 (886 turns).

slep the Chopper (Vine Stalker Gladiator)            Turns: 886, Time: 00:03:33

Health: -1/18      AC:  4    Str: 17    XL:     3   Next: 72%
Magic:  0/4        EV: 13    Int:  8    God:
Gold:   108        SH:  0    Dex: 15    Spells: 2/2 levels left

rFire    . . .     SeeInvis .   a - +0 war axe
rCold    . . .     Gourm    .   (no shield)
rNeg     . . .     Faith    .   b - +0 leather armour
rPois    .         Spirit   +   c - +0 helmet
rElec    .         Reflect  .   (no cloak)
rCorr    .         Harm     .   (no gloves)
MR       .....                  (no boots)
Stlth    +.........             (no amulet)
HPRegen  0.06/turn              (no ring)
MPRegen  0.09/turn              (no ring)

@: no status effects
A: fangs 2, magic shield, antimagic bite, no potion heal 3, rot immunity
a: no special abilities


You were on level 2 of the Dungeon.
You were not hungry.

You visited 1 branch of the dungeon, and saw 2 of its levels.

You collected 108 gold pieces.

Inventory:

Hand Weapons
 a - a +0 war axe (weapon)
Missiles
 d - 3 throwing nets (quivered)
Armour
 b - a +0 leather armour (worn)
 c - a +0 helmet (worn)
Scrolls
 j - a scroll of teleportation {unknown}
 k - a scroll of remove curse {unknown}
 l - a scroll of enchant armour {unknown}
 m - 2 scrolls of identify {unknown}
 n - a scroll of enchant weapon {unknown}
Potions
 e - a potion of curing
Comestibles
 f - 3 bread rations
 g - a meat ration
 o - a royal jelly


   Skills:
 + Level 2.0 Fighting
 + Level 3.3 Axes
 + Level 1.8 Throwing
 + Level 0.5 Armour
 + Level 2.9 Dodging


You had 2 spell levels left.
You didn't know any spells.

Dungeon Overview and Level Annotations

Branches:
Dungeon (2/15)

Altars:
Ashenzari
Dithmenos
Ru


Innate Abilities, Weirdness & Mutations

You have extremely sharp teeth.
When hurt, damage is shared between your health and your magic reserves.
Your bite disrupts and absorbs the magic of your enemies.
Potions cannot restore your health.
You are immune to rotting.


Message History

The adder is severely wounded.
The adder barely misses you. The adder closely misses you.
You hit the adder. Your bite misses the adder.
The adder is almost dead.
The adder closely misses you. The adder barely misses you.
You closely miss the adder. Your bite misses the adder.
The adder is almost dead.
The adder bites you.
* * * LOW HITPOINT WARNING * * *
You closely miss the adder. Your bite misses the adder.
The adder is almost dead.
The adder closely misses you. The adder completely misses you.
It was a potion of cancellation.
You feel magically purged. The adder barely misses you.
It was a potion of heal wounds.
That seemed strangely inert.
The adder bites you but does no damage. The adder bites you.
You are lethally poisoned!
The adder poisons you!
Your system rejects the healing.
You feel better. The adder bites you.
You die...

.# #.#.# .#
########.#.# .#
#........#.#
.###.#####....####
..............##..
####.#####...###.#
####.# ##.## #w#
..##.# #.# #S#
#.##.# #.####@#
...#.#
#...##.##########
.....#
#.#.##..........#
...###
#.#.###########.#
#.## #.#[# #.# #.#
#.#.#### #.# #.#
#.#....### #.# ..#
#...._...# ####.#
###
#........###....#


You could see a worm and an adder.

Vanquished Creatures
  3 worms (D:2)
  A dart slug (D:1)
  A leopard gecko (D:2)
  4 giant cockroaches
  2 goblins (D:1)
  3 hobgoblins
  4 jackals (D:2)
  6 bats
  A frilled lizard (D:1)
  3 kobolds
  6 rats
34 creatures vanquished.

Notes
Turn   | Place    | Note
-------+----------+-------------------------------------------
     0 | D:1      | slep the Vine Stalker Gladiator began the quest for the Orb.
     0 | D:1      | Reached XP level 1. HP: 11/11 MP: 2/2
   114 | D:1      | Reached XP level 2. HP: 12/15 MP: 3/3
   205 | D:1      | Reached skill level 3 in Axes
   461 | D:2      | Reached XP level 3. HP: 11/18 MP: 4/4
   512 | D:2      | Found a sacrificial altar of Ru.
   513 | D:2      | Found a shadowy altar of Dithmenos.
   567 | D:2      | Found a shattered altar of Ashenzari.
   886 | D:2      | Slain by an adder

Vault maps used:
D:1:      dpeg_arrival_stone_temple_mockup, minmay_crystal_room,
          minmay_hexomino_p4
D:2:      lemuel_doored_altar, grunt_temple_overflow_open

Skill      XL: |  1  2 |
---------------+-------+-----
Axes           | 3 |  3.3
Fighting       | 2 |  2.0
Throwing       | |  1.8
Armour         | |  0.5
Dodging        | |  2.9

Action                   || total
-------------------------++-------
Melee: War axe           ||    87
       Bite              ||    25
  Use: Potion            ||     4
 Stab: Sleeping          ||     1
Armor: Leather armour    ||    38
Dodge: Dodged            ||    80

Table legend:
 A = Spawn XP
 B = Non-spawn XP
 C = Spawn XP percentage of total XP
 D = Spawn monster count
 E = Non-spawn monster count
 F = Spawn count percentage of total count
 G = Total turns spent on level
                    A         B        C        D         E        F      G
               +---------+---------+-------+---------+---------+-------+---------
         Total |       0 |      69 |   0.0 |       0 |      34 |   0.0 |   886
               +---------+---------+-------+---------+---------+-------+---------
           D:1 |       0 |      28 |   0.0 |       0 |      16 |   0.0 |   443
           D:2 |       0 |      41 |   0.0 |       0 |      18 |   0.0 |   443
               +---------+---------+-------+---------+---------+-------+---------
